Kazza, lawful female dwarven Valkyrie ---- ----------- --`>-------- |.........| |..........| |.........| |..-----.-.| |.........| |..|...|`..| |....<....| |.........-| |...Fek...| |.......|..| |......ee=| |.----..--.| |.....ZBh.| |........|.-- |./....Z.Z| |.---.-..*..------------.| |...|..*-................| |.........---------------- -----..|..| ------- Kazza the Skirmisher Experience level: 3 Strength: 16 Dexterity: 12 Constitution: 20 Intelligence: 9 Wisdom: 10 Charisma: 8 Health: 0(40) Energy: 1(1) Def: 4 Gold: 424 Moves: 2216 Dungeon seed: HMxl4VXkXJ2qvQkY Game ID: Kazza_1593533967 Your Inventory: Coins $ - 424 gold pieces Weapons a - a +1 long sword (weapon in hand) b - a +0 dagger i - a +0 silver dagger Armor e - an uncursed +3 small shield (being worn) Comestibles c - 8 uncursed food rations m - an uncursed banana q - 2 uncursed tripe rations r - an uncursed fortune cookie Scrolls f - 2 uncursed scrolls of teleportation n - a blessed scroll of earth o - an uncursed scroll of earth Rings p - a cursed ring of shock resistance Wands d - a wand of sleep (0:6) l - a wand of light (0:13) Tools g - an uncursed towel j - a +0 pick-axe (alternate weapon; not wielded) Spells and supernatural/magical abilities: Name Level Category Fail Memory W - pray for help -- divine ? -- Your skills at the end: Fighting Skills Weapon Skills dagger [Basic] long sword [Basic] Spellcasting Skills Final Attributes: You were piously aligned. You were cold resistant. You had infravision. You were stealthy. You were unlucky. You are dead. Vanquished creatures: a little dog a kitten a dwarf an iguana a gas spore a giant rat a red mold 2 garter snakes 4 geckos 6 jackals a kobold a sewer rat 3 grid bugs a lichen 2 newts 27 creatures vanquished. Voluntary challenges: You had been an atheist until turn 2216. You used a wielded weapon 33 times, starting on turn 5. You were illiterate. You never genocided any monsters. You never polymorphed an object. You never changed form. You used no wishes. You never split a pudding. You never wrote Elbereth's name. You violated your moral code, losing 13 points of alignment, starting on turn 1051. Dungeon overview: The Dungeons of Doom: levels 1 to 6 Level 1 a long staircase Level 2 Level 3 a general store, a fountain Level 4 a fountain stairs to The Gnomish Mines Level 5 some fountains Level 6 stairs to Sokoban The Gnomish Mines: Level 5 stairs to The Dungeons of Doom Sokoban: levels 4 to 5 Level 4 <- You were here Level 5 stairs to The Dungeons of Doom History has recorded: On T:1 you entered the Dungeons of Doom to retrieve the Amulet of Yendor! On T:67 you reached level 2 of The Dungeons of Doom. On T:312 you reached level 3 of The Dungeons of Doom. On T:924 you reached level 4 of The Dungeons of Doom. On T:1018 you reached level 1 of The Gnomish Mines. On T:1052 you advanced to experience level 2. On T:1077 you reached level 5 of The Dungeons of Doom. On T:1081 you reached level 6 of The Dungeons of Doom. On T:1162 you reached level 4 of Sokoban. On T:1340 you advanced to experience level 3. On T:1461 you reached level 3 of Sokoban. Score breakdown: Gold: 424 ( 8940 points) Experience: 3 levels ( 7878 points) Exploration: 6 levels ( 12.50%) ( 9784 points) Discoveries: 2 items ( 0.81%) ( 2705 points) Valuables value: (no points given unless you survive) Artifact value: 0 ( 0 points) Variety of kills: 15 monsters ( 3.94%) ( 5952 points) Turncount: 2216 turns ( -152 points) Survival: died (score multiplied by 80%) Total score: 28085 Latest messages: The jackal bites! You kill the jackal! The gecko misses. The garter snake misses. You hit the gecko! You kill the gecko! The garter snake misses. You kill the garter snake! (2x) The dwarf zombie hits! (2x) The giant bat bites! You miss the gecko. The giant bat bites! The giant bat misses. You kill the gecko! The giant bat misses. The dwarf zombie hits! (2x) The giant bat bites! (3x) You begin praying to Tyr. The giant bat bites! The dwarf zombie hits! You die... Final status: Farvel Kazza the Valkyrie, killed by a dwarf zombie, while praying... You died in Sokoban on dungeon level 4 with 28085 points, and 424 pieces of gold, after 2216 moves. You were level 3 with a maximum of 40 hit points when you died.